 Dungeon Crawl Stone Soup version 0.28-a0-1312-g71652a0310 (webtiles) character file.

Game seed: 12045271581505147423

9 bande the Skirmisher (level 2, 0/19 HPs)
             Began as a Gargoyle Fighter on Dec 28, 2021.
             Slain by a ball python (2 damage)
             ... on level 1 of the Dungeon.
             The game lasted 00:00:28 (112 turns).

bande the Skirmisher (Gargoyle Fighter)              Turns: 112, Time: 00:00:29

Health: 0/19       AC: 12    Str: 19    XL:     2   Next: 12%
Magic:  2/2        EV:  4    Int:  8    God:
Gold:   10         SH:  4    Dex:  9    Spells: 1/1 levels left

rFire   . . .      SeeInvis .   a - +0 war axe
rCold   . . .      Faith    .   c - +0 buckler
rNeg    + . .      Spirit   .   f - +0 chain mail
rPois   ∞          Reflect  .   (no helmet)
rElec   +          Harm     .   (no cloak)
rCorr   .          Rampage  .   (no gloves)
Will    .....                   (no boots)
Stlth   ..........              (no amulet)
HPRegen 0.06/turn               (no ring)
MPRegen 0.08/turn               (no ring)

@: mighty, constricted
A: sickness immunity, AC +2, negative energy resistance 1, electricity
resistance, torment resistance 1, petrification resistance
a: no special abilities


You were on level 1 of the Dungeon.
You visited 1 branch of the dungeon, and saw 1 of its levels.

You collected 10 gold pieces.

Inventory:

Hand Weapons
 a - a +0 war axe (weapon)
Armour
 c - a +0 buckler (worn)
 f - a +0 chain mail (worn)
Scrolls
 e - 2 scrolls of teleportation {unknown}


   Skills:
 + Level 3.5 Fighting
 + Level 1.9 Axes
 + Level 3.4 Armour
 + Level 0.1 Dodging
 + Level 3.3 Shields


You had one spell level left.
You didn't know any spells.
Your spell library was empty.

Dungeon Overview and Level Annotations

Branches:
Dungeon (1/15)

Altars:


Innate Abilities, Weirdness & Mutations

You are immune to sickness and miasma.
Your stone body is resilient. (AC +2)
You are immune to poison.
You resist negative energy. (rN+)
You are resistant to electric shocks. (rElec)
You are resistant to unholy torment.
You are immune to petrification.


Message History

You hit the jackal but do no damage. You hit the jackal.
You kill the jackal!
The jackal closely misses you. The jackal completely misses you.
The ball python barely misses you. The ball python grabs you.
The ball python constricts you.
You have reached level 2!
You closely miss the jackal. You barely miss the ball python.
You block the jackal's attack.
The ball python bites you but does no damage.
The ball python constricts you. The jackal barely misses you.
The ball python barely misses you. The ball python constricts you.
Unknown command.
You closely miss the jackal. You barely miss the ball python.
The jackal bites you but does no damage.
The ball python bites you.
* * * LOW HITPOINT WARNING * * *
The ball python constricts you.
* * * LOW HITPOINT WARNING * * *
The jackal bites you but does no damage.
Okay, then.
You feel very mighty all of a sudden.
The ball python bites you but does no damage.
The ball python constricts you.
The jackal bites you but does no damage. x2
The ball python bites you but does no damage.
The ball python constricts you.
You closely miss the ball python. You closely miss the jackal.
The jackal barely misses you.
The ball python bites you but does no damage.
The ball python constricts you.
The jackal bites you but does no damage.
You closely miss the ball python. You slash the jackal!
You kill the jackal!
The ball python bites you.
* * * LOW HITPOINT WARNING * * *
The ball python constricts you. The ball python barely misses you.
The ball python constricts you.
Unknown command.
You closely miss the ball python. The ball python bites you.
You die...

##### ######### ####### #...#
#.......# ....... #...#
#.......######
.......##...######.......##...
............##@†.........##.###
...........S##S###.............
..........K..gK# #........[....
..........h..>l# #.............
...............# #.†...........
..........####.# #..###.#......
......#...####.###...##.......[
...............#......###......
......#...###.)..#.....##......


You could see a hobgoblin, a ball python, a kobold and a frilled lizard.

Vanquished Creatures
  A ball python (D:1)
  A giant cockroach (D:1)
  4 jackals (D:1)
  A kobold (D:1)
7 creatures vanquished.

Notes
Turn   | Place    | Note
-------+----------+-------------------------------------------
     0 | D:1      | bande the Gargoyle Fighter began the quest for the Orb.
     0 | D:1      | Reached XP level 1. HP: 14/14 MP: 1/1
   107 | D:1      | Reached XP level 2. HP: 4/19 MP: 2/2
   112 | D:1      | Slain by a ball python

Illustrated notes

Levels and vault maps discovered:
D:1:      psy_arrival_spokes, layout_basic, ebering_ecumenical_altar_ruins,
          feat_on_display

Action                   || total
-------------------------++-------
Melee: War axe           ||    18
  Use: Potion            ||     1
Armor: Chain mail        ||    25
Dodge: Dodged            ||    16
Block: Buckler           ||     8

Table legend: (Time is in decaauts)
 A = Elapsed time spent in this place.
 B = Non-inter-level travel time spent in this place.
 C = Inter-level travel time spent in this place.
 D = Time resting spent in this place.
 E = Time spent auto-exploring this place.
 F = Levels seen in this place.
 G = Mean time per level.
                   A        B        C        D        E       F      G
               +--------+--------+--------+--------+--------+-----+--------+
         Total |    119 |    119 |      0 |      0 |     49 |   1 |  119.0 |
       Dungeon |    119 |    119 |      0 |      0 |     49 |   1 |  119.0 |
               +--------+--------+--------+--------+--------+-----+--------+

Top non-repeatable levels by time:
     D:1: 119 daAuts
